 Dungeon Crawl Stone Soup version 0.27.1 (webtiles) character file.

Game seed: 1754252967531168004

128 bnorton916 the Conjurer (level 4, -1/24 HPs)
             Began as a Deep Elf Conjurer on Aug 27, 2021.
             Slain by a scorpion (4 damage)
             ... on level 4 of the Dungeon.
             The game lasted 00:03:18 (2667 turns).

bnorton916 the Conjurer (Deep Elf Conjurer)         Turns: 2667, Time: 00:03:19

Health: -1/24      AC:  3    Str: 16    XL:     4   Next: 87%
Magic:  9/13       EV: 12    Int: 24    God:
Gold:   21         SH:  0    Dex: 13    Spells: 10/13 levels left

rFire    . . .     SeeInvis .   (no weapon)
rCold    . . .     Faith    .   (no shield)
rNeg     . . .     Spirit   .   a - +1 robe
rPois    .         Reflect  .   (no helmet)
rElec    .         Harm     .   (no cloak)
rCorr    .         Rampage  .   (no gloves)
Will     .....                  (no boots)
Stlth    ++........             (no amulet)
HPRegen  0.08/turn              d - +6 ring of strength
MPRegen  0.13/turn              m - +6 ring of strength

@: about to teleport
A: no striking features
a: no special abilities


You were on level 4 of the Dungeon.
You visited 1 branch of the dungeon, and saw 4 of its levels.

You collected 105 gold pieces.
You spent 84 gold pieces at shops.

Inventory:

Missiles
 i - 75 stones
Armour
 a - a +1 robe (worn)
Jewellery
 d - a +6 ring of strength (left hand)
 m - a +6 ring of strength (right hand)
Scrolls
 e - a scroll of blinking {unknown}
 f - 2 scrolls of enchant armour
 h - a scroll of enchant weapon {unknown}
 l - a scroll of magic mapping {unknown}
Potions
 b - a potion of might
 j - a potion of degeneration


   Skills:
 - Level 2.4 Dodging
 - Level 2.4 Stealth
 + Level 5.3 Spellcasting
 + Level 5.7 Conjurations


You had 10 spell levels left.
You knew the following spells:

 Your Spells              Type           Power      Damage    Failure   Level
a - Magic Dart            Conj           100%       1d8       1%          1
b - Searing Ray           Conj           68%        3d5       1%          2

Your spell library contained the following spells:

 Spells                   Type           Power      Damage    Failure   Level
 Dazzling Flash           Conj/Hex       40%        N/A       8%          3
 Fulminant Prism          Conj/Hex       10%        3d9       26%         4
 Iskenderun's Mystic Bla  Conj/Tloc      20%        2d6       26%         4


Dungeon Overview and Level Annotations

Branches:
Dungeon (4/15)             Temple (0/1) D:4

Altars:
Gozag
Ru

Shops:
D:2 (   D:3 *

Annotations:
D:4 Robin


Message History

You hear a shout!
Robin roars a battlecry!
The goblins go into a battle-frenzy!
A goblin comes into view. It is wielding a +0 club.
The goblin hits you with a +0 dagger.
The searing ray hits the hobgoblin.
You kill the hobgoblin!
The searing ray hits the goblin!
You kill the goblin!
The goblin unwields a +0 club.
The goblin wields a +0 hunting sling.
The goblin shoots a stone.
The stone misses you. The goblin hits you with a +0 dagger.
The searing ray hits the goblin!
You kill the goblin!
The goblin barely misses you.
The searing ray hits the goblin!
You kill the goblin!
You finish channeling your searing ray.
The goblin shoots a stone.
The stone closely misses you. The goblin barely misses you.
The goblin hits you with a +0 club.
Unknown command.
Unknown command.
As you read the scroll labelled FOISABACIZ, it crumbles to dust.
You feel strangely unstable.
It was a scroll of teleportation.
The scorpion stings you.
* * * LOW HITPOINT WARNING * * *
The goblin misses you. The goblin hits you with a +0 club.
* * * LOW HITPOINT WARNING * * *
Unknown command.
You feel better. The scorpion barely misses you.
The goblin hits you with a +0 dagger. The goblin hits you with a +0 club.
* * * LOW HITPOINT WARNING * * *
There are monsters nearby!
Okay, then.
Unknown command.
As you read the scroll labelled BUORCHO TUFOAK, it crumbles to dust.
It is a scroll of brand weapon.
You aren't carrying any weapons that can be branded.
The scorpion stings you.
You die...

.... ### ..... ...#
..... .. ....#
.....####.# # ###g....#
.............###@sg)>..+
.........###...gg#g....#
...#.........##.## ....#
#..........####.# ...#
................# ###
..............###
....#.....##..#
.....>....##..#
.####.#.......######


You could see a scorpion, Robin, a hobgoblin (strong) and 3 goblins.

Vanquished Creatures
  3 gnolls (D:2)
  4 adders
  A worm (D:2)
  A dart slug (D:2)
  3 orcs (D:3)
  3 endoplasms
  2 giant cockroaches (D:1)
  11 goblins
  4 hobgoblins
  6 kobolds
  A quokka (D:4)
  A ball python (D:2)
  6 bats
  5 frilled lizards
  5 rats
56 creatures vanquished.

Notes
Turn   | Place    | Note
-------+----------+-------------------------------------------
     0 | D:1      | bnorton916 the Deep Elf Conjurer began the quest for the
                  | Orb.
     0 | D:1      | Reached XP level 1. HP: 10/10 MP: 6/6
   185 | D:1      | Reached XP level 2. HP: 15/15 MP: 3/8
   374 | D:1      | Found a faded altar of an unknown god.
  1062 | D:2      | Reached skill level 5 in Conjurations
  1062 | D:2      | Reached XP level 3. HP: 19/19 MP: 8/10
  1074 | D:2      | Learned a level 2 spell: Searing Ray
  1314 | D:2      | Reached XP level 4. HP: 24/24 MP: 7/12
  1533 | D:2      | Found Qeppuqai's Weapon Shop.
  1804 | D:3      | Reached skill level 5 in Spellcasting
  2147 | D:3      | Found Wodeat's Assorted Antiques.
  2150 | D:3      | Bought 3 scrolls labelled YGIULI BEWIPLU for 84 gold pieces
  2463 | D:3      | Found a sacrificial altar of Ru.
  2618 | D:4      | Found an opulent altar of Gozag.
  2660 | D:4      | Found a staircase to the Ecumenical Temple.
  2660 | D:4      | Noticed Robin
  2660 | D:4      | Noticed a scorpion
  2667 | D:4      | Slain by a scorpion

Illustrated notes

Levels and vault maps discovered:
D:1:      lemuel_arrival_behind_the_door_small, layout_loops_ring,
          shapermc_ecumenical_altar_venn
D:2:      layout_basic, serial_shops, nicolae_shop_statue_plus
D:3:      layout_loops_cross, mainiacjoe_overflow_paths, serial_shops,
          nicolae_shop_window_shopping
D:4:      layout_basic, grunt_gozag_breadcrumbs,
          beargit_hepliaklqana_dungeon_heroes, mainiacjoe_overflow_catwalk,
          temple_green, nicolae_elemental_shop, skrybe_limestone_x,
          hangedman_feature_mirror, uniq_robin, uniq_edmund, uniq_natasha

Skill      XL: |  1  2  3  4 |
---------------+-------------+-----
Spellcasting   | 4 5 |  5.3
Conjurations   | 5 |  5.7
Dodging        | |  2.4
Stealth        | |  2.4

Action                   |  1- 3 |  4- 6 || total
-------------------------+-------+-------++-------
 Cast: Magic Dart        |    49 |    22 ||    71
       Searing Ray       |     2 |     3 ||     5
  Use: Scroll            |       |     6 ||     6
       Potion            |       |     1 ||     1
Dodge: Dodged            |     5 |     6 ||    11
